 Dungeon Crawl Stone Soup version 0.19.1-1-g22dce08 (webtiles) character file.

46 Jynx the Grave Robber (level 3, -2/24 HPs)
             Began as a Mummy Necromancer on Jan 15, 2017.
             Slain by a gnoll
             ... wielding a cursed -2 spear
              (4 damage)
             ... on level 2 of the Dungeon.
             The game lasted 00:02:10 (1241 turns).

Jynx the Grave Robber (Mummy Necromancer)           Turns: 1241, Time: 00:02:11

Health: -2/24      AC:  2    Str: 11    XL:     3   Next: 44%
Magic:  3/7        EV: 12    Int: 15    God:
Gold:   40         SH:  0    Dex: 12    Spells: 2 memorised, 5 levels left

rFire  x . .     SeeInvis .     c - +2 dagger (drain)
rCold  + . .     Gourm    .     a - +0 robe
rNeg   + + +     Faith    .     (no shield)
rPois  ∞         Spirit   .     (no helmet)
rElec  .         Reflect  .     (no cloak)
rCorr  .         Harm     .     (no gloves)
MR     .....                    (no boots)
Stlth  ++........               (no amulet)
                                (no ring)
                                (no ring)

@: no status effects
A: no food or potions, fire vulnerability, cold resistance 1, negative energy
resistance 3, torment resistance, unbreathing
a: no special abilities


You were on level 2 of the Dungeon.
You were not hungry.

You visited 1 branch of the dungeon, and saw 2 of its levels.

You collected 40 gold pieces.

Inventory:

Hand Weapons
 c - a +2 dagger of draining (weapon)
Armour
 a - a +0 robe (worn)
Scrolls
 e - a scroll of remove curse
Books
 b - a book of Necromancy

   Spells                             Type                      Level
   a - Pain                           Necromancy                   1
   b - Animate Skeleton               Necromancy                   1
   c - Vampiric Draining              Necromancy                   3
   d - Regeneration                   Charms/Necromancy            3
   e - Animate Dead                   Necromancy                   4
   f - Control Undead                 Necromancy                   4


   Skills:
 - Level 1.5 Dodging
 - Level 1.5 Stealth
 + Level 2.7 Spellcasting
 * Level 4.7 Necromancy


You had 5 spell levels left.
You knew the following spells:

 Your Spells              Type           Power        Failure   Level  Hunger
a - Pain                  Necr           ###.         3%          1    N/A
b - Animate Skeleton      Necr           N/A          3%          1    N/A

Dungeon Overview and Level Annotations

Branches:
Dungeon (2/15)

Altars:


Innate Abilities, Weirdness & Mutations

You do not eat or drink.
Your flesh is vulnerable to fire.
You are immune to poison.
Your flesh is cold resistant. (rC+)
You are immune to negative energy. (rN+++)
You are immune to unholy pain and torment.
You can survive without breathing.


Message History

Confirm with . or Enter, or press ? or * to list all spells.
Aiming: Pain
Press: ? - help, Shift-Dir - straight line, f/p - gnoll
Aim: a gnoll (moderately wounded, chance to defeat MR: 81%)
The gnoll writhes in agony!
Casting: Pain
Confirm with . or Enter, or press ? or * to list all spells.
Aiming: Pain
Press: ? - help, Shift-Dir - straight line, f/p - gnoll
Aim: a gnoll (moderately wounded, chance to defeat MR: 81%)
The gnoll writhes in agony!
Casting: Pain
Confirm with . or Enter, or press ? or * to list all spells.
Aiming: Pain
Press: ? - help, Shift-Dir - straight line, f/p - gnoll
Aim: a gnoll (moderately wounded, chance to defeat MR: 81%)
The gnoll writhes in agony!
The gnoll hits you with a club!
* * * LOW HITPOINT WARNING * * *
The gnoll hits you from afar with an enchanted spear.
You die...

#.###...####.######.##
#............(.......#
####...####.###.##..#
##.## #.........# #.#
#.###.###.# #.# #.# #.#
#.# ##'## #.# #.# #.#
##...## #.###.###.#
##.....###..@gg.!..#
##.......######g#####
#.........####...##
+.........'.gg....#
#.........#<##.......#
#.#......g##.##..#.##.#
.###..!.g###.##.....#
.# ##...## #.##..##...
# ##g## #....## ##..


You could see 3 gnolls.

Vanquished Creatures
  A gnoll (D:2)
  An adder (D:2)
  An ooze (D:1)
  A dart slug (D:1)
  A leopard gecko (D:1)
  A ball python (D:1)
  2 goblins (D:1)
  A hobgoblin (D:1)
  2 jackals (D:1)
  5 kobolds (D:1)
  A bat (D:1)
  A frilled lizard (D:1)
  4 rats (D:1)
22 creatures vanquished.

Notes
Turn   | Place    | Note
-------+----------+-------------------------------------------
     0 | D:1      | Jynx the Mummy Necromancer began the quest for the Orb.
     0 | D:1      | Reached XP level 1. HP: 13/13 MP: 3/3
   430 | D:1      | Reached XP level 2. HP: 19/19 MP: 1/5
   611 | D:1      | Learned a level 1 spell: Animate Skeleton
  1032 | D:2      | Reached XP level 3. HP: 23/24 MP: 1/7
  1241 | D:2      | Slain by a gnoll

Action                   || total
-------------------------++-------
Melee: Unarmed           ||    22
       Dagger            ||     7
 Cast: Pain              ||    51
  Use: Scroll            ||     1
Armor: Robe              ||     7
Dodge: Dodged            ||    29
